[Event "IM Marmaris Karia V 2019"]
[Site "Marmaris"]
[Date "2019.03.09"]
[Round "1.1"]
[White "Tanriverdi, Enes"]
[Black "Nagy, Gabor"]
[Result "0-1"]
[ECO "A50"]
[WhiteElo "2310"]
[BlackElo "2487"]
[Annotator "ChessBase"]
[PlyCount "70"]
[EventDate "2019.03.09"]
[EventType "schev"]
[EventCountry "TUR"]
[SourceTitle "playchess.com"]
[Source "ChessBase"]
[SourceQuality "1"]
[TimeControl "5400+30"]

1. d4 Nf6 2. c4 b6 3. Nc3 Bb7 4. Qc2 d5 5. cxd5 Nxd5 6. Nf3 e6 7. e4 Nxc3 8. bxc3 Nd7 9. Bd3 Be7 10. O-O O-O 11. Qe2 c5 12. Bb2 Rc8 13. Rad1 cxd4 14. cxd4 Rc7 15. d5 exd5 16. exd5 Bf6 17. Rfe1 Bxb2 18. Qxb2 Nf6 19. d6 Rd7 20. Qd2 Bxf3 21. gxf3 Re8 22. Rxe8+ Nxe8 23. Qc2 g6 24. Bc4 Rxd6 25. Re1 Nf6 26. Bb3 Kg7 27. Qc4 Qd7 28. Qf4 a5 29. Qe5 b5 30. Qc3 a4 31. Bc2 Rc6 32. Qd3 Qc7 33. Bd1 Rc5 34. Qe3 Rh5 35. f4 Rf5 0-1

[Event "IM Marmaris Karia V 2019"]
[Site "Marmaris"]
[Date "2019.03.05"]
[Round "1.1"]
[White "Korkmaz, Goktug Ali"]
[Black "Kurtulus, Yusuf Berk"]
[Result "0-1"]
[ECO "B22"]
[WhiteElo "1356"]
[BlackElo "1455"]
[Annotator "NA RC"]
[PlyCount "156"]
[EventDate "2019.03.09"]
[EventType "schev"]
[EventCountry "TUR"]
[SourceTitle "playchess.com"]
[Source "ChessBase"]
[SourceQuality "1"]
[TimeControl "5400+30"]

1. e4 c5 2. c3 Nf6 3. e5 Nd5 4. d4 cxd4 5. cxd4 Nc6 6. Bc4 Nb6 7. Bb3 d6 8. exd6 Qxd6 9. Ne2 g6 10. Nbc3 Bg7 11. Be3 O-O 12. a3 a6 13. Qd2 Na5 14. Ba2 Nac4 15. Bxc4 Nxc4 16. Qc2 Bf5 17. Qb3 Nxe3 18. fxe3 Bh6 19. e4 Be6 20. d5 Bd7 21. O-O b5 22. Rad1 Qe5 23. Ng3 Bf4 24. Nce2 Bh6 25. Qc3 Bg7 26. Qd4 Bg4 27. Qxe5 Bxe5 28. Rd2 Rfd8 29. h3 Bxe2 30. Nxe2 Rac8 31. Rc1 Rxc1+ 32. Nxc1 Kf8 33. Kf2 Bf4 34. Rc2 Bxc1 35. Rxc1 e6 36. Rd1 exd5 37. exd5 Ke7 38. Ke3 Kd6 39. Kd4 Rc8 40. Rd2 Rc4+ 41. Ke3 f5 42. g3 Re4+ 43. Kf3 Re5 44. Kf4 Rxd5 45. Rxd5+ Kxd5 46. Kg5 Ke5 47. Kh6 Kf6 48. h4 a5 49. b3 b4 50. a4 Ke6 51. Kxh7 Kf7 52. Kh6 Kf6 53. h5 gxh5 54. Kxh5 f4 55. Kg4 fxg3 56. Kxg3 Ke5 57. Kf3 Kd4 58. Ke2 Kc3 59. Kd1 Kxb3 60. Kc1 Kxa4 61. Kb2 b3 62. Kb1 Ka3 63. Ka1 b2+ 64. Kb1 a4 65. Kc2 Ka2 66. Kd3 b1=Q+ 67. Kd4 Qc2 68. Kd5 Qc3 69. Kd6 Qa5 70. Ke6 Qc5 71. Kf6 Kb3 72. Ke6 a3 73. Kf6 a2 74. Ke6 a1=Q 75. Kd7 Qad4+ 76. Ke6 Qdd6+ 77. Kf7 Qcc7+ 78. Ke8 Qde7# 0-1

[Event "IM Marmaris Karia V 2019"]
[Site "Marmaris"]
[Date "2019.03.09"]
[Round "1.2"]
[White "Keler, Faruk"]
[Black "Bajarani, Ulvi"]
[Result "0-1"]
[ECO "C06"]
[WhiteElo "2291"]
[BlackElo "2460"]
[Annotator "ChessBase"]
[PlyCount "90"]
[EventDate "2019.03.09"]
[EventType "schev"]
[EventCountry "TUR"]
[SourceTitle "playchess.com"]
[Source "ChessBase"]
[SourceQuality "1"]
[TimeControl "5400+30"]

1. e4 e6 2. d4 d5 3. Nd2 Nf6 4. e5 Nfd7 5. Bd3 c5 6. c3 Nc6 7. Ne2 cxd4 8. cxd4 f6 9. exf6 Nxf6 10. O-O Bd6 11. Nf3 O-O 12. Bf4 Bxf4 13. Nxf4 Ng4 14. Qd2 Qf6 15. Nh5 Qh6 16. Qxh6 Nxh6 17. Rac1 Nf5 18. Rfd1 Bd7 19. Bb5 Nfe7 20. Bxc6 Nxc6 21. Ne5 Nxe5 22. dxe5 Rac8 23. Ng3 Bb5 24. f3 Kf7 25. Kf2 Ke7 26. Ke3 g6 27. Nh1 h5 28. Nf2 g5 29. Rxc8 Rxc8 30. Kd2 Kf7 31. b3 Kg6 32. Re1 a5 33. a4 Ba6 34. Nd1 Rf8 35. Ne3 g4 36. fxg4 Rf2+ 37. Kc3 hxg4 38. Nxg4 Rxg2 39. h3 Kg5 40. Ne3 Rg3 41. Kd4 b6 42. Rc1 Rxh3 43. Rg1+ Kh5 44. Nxd5 Rd3+ 45. Ke4 Rxd5 0-1

[Event "IM Marmaris Karia V 2019"]
[Site "Marmaris"]
[Date "2019.03.09"]
[Round "1.4"]
[White "Haussernot, Cecile"]
[Black "Szabo, Bence"]
[Result "0-1"]
[ECO "B04"]
[WhiteElo "2144"]
[BlackElo "2376"]
[Annotator "NA"]
[PlyCount "102"]
[EventDate "2019.03.09"]
[EventType "schev"]
[EventCountry "TUR"]
[SourceTitle "playchess.com"]
[Source "ChessBase"]
[SourceQuality "1"]
[TimeControl "5400+30"]

1. e4 Nf6 2. e5 Nd5 3. d4 d6 4. Nf3 dxe5 5. Nxe5 c6 6. Bc4 Nd7 7. Qe2 {[%emt 0:00:30] B04: Alekhine's Defence: 4 Nf3} (7. Nf3 N7f6 8. Bb3 Bg4 9. h3 Bh5 10. g4 Bg6 11. Ne5 Nd7 12. Nxg6 hxg6 13. c4 Nc7 14. Nc3 e5 {1-0 (31) Demchenko,A (2664)-Pavlov,S (2491) Konya 2018}) 7... N7f6 $146 ({Predecessor:} 7... Nxe5 8. dxe5 Bf5 9. O-O Qd7 10. Bb3 O-O-O 11. Nc3 Nxc3 12. bxc3 e6 13. Be3 Be7 14. Bxa7 Qc7 {1-0 (30) Sanal,V (2487)-Abhishek,K (2393) Doha 2015}) 8. Nc3 Be6 9. Bg5 Qb6 10. Bxf6 Qxb2 11. O-O Nxc3 ({Not} 11... gxf6 12. Nxd5 cxd5 13. Bb5+ Kd8 14. Nf3 $15) ({Worse is} 11... exf6 12. Bxd5 cxd5 {[#]} 13. Nxd5 $1 $14 ) 12. Qh5 Bxc4 13. Nxc4 Qb4 14. Ne5 gxf6 15. Nxf7 Ne2+ 16. Qxe2 Kxf7 17. Qh5+ Kg7 18. Qg4+ Kf7 19. Qh5+ Kg8 20. Qg4+ Bg7 21. Rab1 Qd6 22. Rxb7 h5 23. Qf5 Rh6 24. Re1 Bf8 25. Rd7 Qb4 26. Qe6+ Kh8 27. h4 Rh7 28. Re3 (28. c4 $17 {keeps fighting.}) 28... Qb1+ 29. Kh2 Qxc2 30. Rf3 Rb8 31. Rxa7 Rg7 32. Rf5 Rb5 33. Rxb5 cxb5 34. Ra8 Rg8 35. Qf7 Rxg2+ 36. Kxg2 Qe4+ 37. Kg3 Qxa8 38. Qxh5+ Kg7 39. Qg4+ Kf7 40. h5 Qa3+ 41. Kg2 Qd3 42. f3 Bh6 43. d5 Bg5 44. Qe6+ $19 Kf8 45. Qc8+ Kg7 46. Qe6 Qa3 47. Qe2 Bf4 48. Qc2 Qe3 49. d6 Bxd6 50. Qg6+ Kf8 51. h6 Qg5+ 0-1

[Event "IM Marmaris Karia V 2019"]
[Site "Marmaris"]
[Date "2019.03.09"]
[Round "1.5"]
[White "Ozkan, Taha"]
[Black "Dimitrijevic, Aleksandra"]
[Result "1/2-1/2"]
[ECO "A53"]
[WhiteElo "2019"]
[BlackElo "2139"]
[Annotator "NA"]
[PlyCount "100"]
[EventDate "2019.03.09"]
[EventType "schev"]
[EventCountry "TUR"]
[SourceTitle "playchess.com"]
[Source "ChessBase"]
[SourceQuality "1"]
[TimeControl "5400+30"]

1. d4 d6 2. c4 Nf6 3. Nc3 Bf5 4. f3 e5 5. e4 exd4 6. Qxd4 Nc6 7. Qd2 Be6 8. b3 g6 9. Bb2 {[%emt 0:00:30] A53: Old Indian Defence without Nf3} Bg7 10. Bd3 O-O 11. Nge2 Nb4 (11... Nd7 12. O-O Nc5 13. Bc2 a6 14. f4 Bg4 15. Ng3 h5 16. Bd1 Bxd1 17. Raxd1 h4 18. Nge2 a5 19. f5 Ne5 20. Nd5 Nxe4 21. Qc2 c6 22. Qxe4 cxd5 23. Qxd5 {1-0 (23) Cruz,C (2546)-Ramnath,B (2405) New Delhi 2015}) 12. Rd1 $146 ({Predecessor:} 12. O-O c6 13. Rad1 Qb6+ 14. Kh1 a5 15. Bb1 Rad8 16. Na4 Qc7 {½-½ (60) Efremov,V (2035)-Tarasov,I (2211) St Petersburg 2018}) 12... c6 13. Bb1 d5 14. a3 dxc4 15. axb4 cxb3 16. Qxd8 Rfxd8 17. Kf2 Bf8 18. Na4 Nd7 19. Bc3 b5 20. Nb2 a5 (20... c5 $1 $15 {keeps the upper hand.}) 21. bxa5 b4 22. Bd2 Bg7 $16 23. Nd3 c5 24. Nxb4 cxb4 25. Bxb4 Rdb8 26. Bd2 Ne5 27. Bc3 Rc8 28. Rc1 b2 29. Bxb2 Ng4+ 30. fxg4 Bxb2 31. Rxc8+ Bxc8 32. h3 Rxa5 33. Rd1 Be6 34. Nf4 Bb3 35. Rd2 Bc1 36. Rd3 Bxf4 37. Rxb3 Ra7 38. Bd3 Kg7 39. Be2 h6 40. Bf3 Ra2+ 41. Ke1 Ra7 42. Ke2 Rd7 43. Rd3 Rxd3 44. Kxd3 Be5 45. Kc4 g5 46. Kd5 f6 47. Ke6 Bf4 48. Kd5 Be5 49. Ke6 Bf4 50. Kd5 Be5 1/2-1/2

[Event "IM Marmaris Karia V 2019"]
[Site "Marmaris"]
[Date "2019.03.09"]
[Round "2.1"]
[White "Bajarani, Ulvi"]
[Black "Tanriverdi, Enes"]
[Result "1/2-1/2"]
[ECO "B85"]
[WhiteElo "2460"]
[BlackElo "2310"]
[Annotator "ChessBase"]
[PlyCount "40"]
[EventDate "2019.03.09"]
[EventType "schev"]
[EventCountry "TUR"]
[SourceTitle "playchess.com"]
[Source "ChessBase"]
[SourceQuality "1"]
[TimeControl "5400+30"]

1. e4 c5 2. Nf3 e6 3. d4 cxd4 4. Nxd4 Nc6 5. Nc3 Qc7 6. Be2 a6 7. O-O Nf6 8. Be3 Be7 9. f4 d6 10. Qe1 O-O 11. Qg3 Nxd4 12. Bxd4 b5 13. a3 Bb7 14. Kh1 Rad8 15. Rae1 Bc6 16. Bd3 Qd7 17. Re2 Nh5 18. Qg4 Nf6 19. Qg3 Nh5 20. Qg4 Nf6 1/2-1/2

[Event "IM Marmaris Karia V 2019"]
[Site "Marmaris"]
[Date "2019.03.09"]
[Round "2.3"]
[White "Szabo, Bence"]
[Black "Uzumcu, Ahmet Utku"]
[Result "1/2-1/2"]
[ECO "A16"]
[WhiteElo "2376"]
[BlackElo "2211"]
[Annotator "NA"]
[PlyCount "49"]
[EventDate "2019.03.09"]
[EventType "schev"]
[EventCountry "TUR"]
[SourceTitle "playchess.com"]
[Source "ChessBase"]
[SourceQuality "1"]
[TimeControl "5400+30"]

1. c4 Nf6 2. g3 g6 3. Bg2 d5 4. cxd5 Nxd5 5. Nc3 Nb6 6. Nf3 Bg7 7. d3 Nc6 8. Be3 Nd4 9. Nxd4 Bxd4 10. Bxd4 Qxd4 11. O-O c6 12. Rc1 O-O 13. Qc2 Bf5 14. Ne4 Rfd8 15. a3 h6 16. Nc5 Rab8 17. b4 a6 18. Rfd1 Nd7 19. Nb3 Qd6 20. h3 e5 21. Qb2 Be6 22. Na5 Nb6 23. Qd2 Kh7 24. Qe3 Qd4 25. Qd2 1/2-1/2

[Event "IM Marmaris Karia V 2019"]
[Site "Marmaris"]
[Date "2019.03.09"]
[Round "2.4"]
[White "Dimitrijevic, Aleksandra"]
[Black "Haussernot, Cecile"]
[Result "1/2-1/2"]
[ECO "B31"]
[WhiteElo "2139"]
[BlackElo "2144"]
[Annotator "NA"]
[PlyCount "75"]
[EventDate "2019.03.09"]
[EventType "schev"]
[EventCountry "TUR"]
[SourceTitle "playchess.com"]
[Source "ChessBase"]
[SourceQuality "1"]
[TimeControl "5400+30"]

1. e4 c5 2. Na3 Nf6 3. e5 Nd5 4. g3 Nc6 5. Bg2 Nc7 6. Nf3 b5 7. O-O e6 8. d4 h6 9. c4 bxc4 10. Nxc4 Ba6 11. Nd6+ Bxd6 12. exd6 Nd5 13. Re1 c4 14. Ne5 Nxe5 15. Bxd5 Nd3 16. Rxe6+ dxe6 17. Qa4+ Kf8 18. Bxa8 Qxa8 19. Qxa6 Ne1 20. Kf1 Nc2 21. d7 Ke7 22. Bf4 Nxa1 23. Qd6+ Kf6 24. h4 Rd8 25. Be5+ Kg6 26. Qe7 Nc2 27. h5+ Kh7 28. Qxf7 Ne3+ 29. Ke2 Nf5 30. Qg6+ Kh8 31. Qxe6 Rf8 32. d5 Qd8 33. g4 Qh4 34. gxf5 Qe4+ 35. Kf1 Qh1+ 36. Ke2 Qe4+ 37. Kf1 Qh1+ 38. Ke2 1/2-1/2

[Event "IM Marmaris Karia V 2019"]
[Site "Marmaris"]
[Date "2019.03.10"]
[Round "5.1"]
[White "Tanriverdi, Enes"]
[Black "Dimitrijevic, Aleksandra"]
[Result "1-0"]
[ECO "A53"]
[WhiteElo "2310"]
[BlackElo "2139"]
[Annotator "NA"]
[PlyCount "77"]
[EventDate "2019.03.09"]
[EventType "schev"]
[EventCountry "TUR"]
[SourceTitle "playchess.com"]
[Source "ChessBase"]
[SourceQuality "1"]
[TimeControl "5400+30"]

1. d4 d6 2. Nf3 Nf6 3. c4 c6 4. Nc3 Bf5 5. g3 h6 6. Bg2 Nbd7 7. O-O e5 8. Nh4 Bh7 9. e4 Be7 10. Nf5 Bxf5 11. exf5 Qc7 12. d5 c5 13. Re1 a6 14. a4 b6 15. b3 O-O 16. Qf3 Rfe8 17. Bd2 Nh7 18. h4 a5 19. Bf1 Bf6 20. Ne4 Be7 21. Bd3 Ndf6 22. Nc3 Nd7 23. Kg2 Bf6 24. Ne4 Kf8 25. Rh1 Ke7 26. g4 Kd8 27. g5 Be7 28. f6 gxf6 29. gxh6 Kc8 30. Qf5 Rh8 31. Kf3 Qd8 32. Rag1 Kc7 33. Rg7 Nhf8 34. h5 Qe8 35. Rhg1 Rd8 36. Ke2 Kb8 37. Be3 Kc7 38. Rg8 Rh7 39. R1g7 1-0